 Dungeon Crawl Stone Soup version 0.21-a0-513-gdcb3f5e (webtiles) character file.

1312 slep the Chopper (level 8, -2/61 HPs)
             Began as a Demonspawn Gladiator on Dec 2, 2017.
             Was a Believer of Okawaru.
             Slain by an orc warrior
             ... wielding a +0 halberd
              (6 damage)
             ... on level 6 of the Dungeon.
             The game lasted 00:12:12 (3716 turns).

slep the Chopper (Demonspawn Gladiator)             Turns: 3716, Time: 00:12:12

Health: -2/61      AC: 13    Str: 21    XL:     8   Next: 32%
Magic:  8/8        EV: 12    Int: 10    God:    Okawaru [**....]
Gold:   165        SH:  0    Dex: 15    Spells: 7/7 levels left

rFire    x . .     SeeInvis .   a - +0 war axe
rCold    + . .     Gourm    +   (no shield)
rNeg     . . .     Faith    .   u - +0 scale mail (curse)
rPois    .         Spirit   .   c - +0 helmet
rElec    .         Reflect  .   (no cloak)
rCorr    .         Harm     .   (no gloves)
MR       +....                  E - +2 pair of boots
Stlth    ..........             A - amulet of the gourmand
HPRegen  0.20/turn              n - ring of protection from magic
MPRegen  0.11/turn              I - ring of ice

@: mighty, lethally poisoned (-2 -> -5)
A: molten scales 1, spiny 1
a: Heroism, Renounce Religion


You were on level 6 of the Dungeon.
You worshipped Okawaru.
Okawaru was pleased with you.
You were completely stuffed.

You visited 2 branches of the dungeon, and saw 7 of its levels.

You collected 165 gold pieces.

Inventory:

Hand Weapons
 a - a +0 war axe (weapon)
 w - a +1 flail of crushing
 B - a +3 flail of crushing
Missiles
 d - 2 throwing nets (quivered)
Armour
 b - a +0 leather armour
 c - a +0 helmet (worn)
 t - a +0 scale mail
 u - a cursed +0 scale mail (worn)
 E - a +2 pair of boots (worn)
Jewellery
 n - a ring of protection from magic (left hand)
 p - an uncursed ring of poison resistance
 A - an amulet of the gourmand (around neck)
 H - a +5 ring of intelligence
 I - a ring of ice (right hand)
Scrolls
 e - 2 scrolls of remove curse {unknown}
 i - 4 scrolls of teleportation {unknown}
 j - 2 scrolls of amnesia {unknown}
 k - 3 scrolls of enchant weapon {unknown}
 l - a scroll of fear {unknown}
 q - 4 scrolls of identify {unknown}
 y - a scroll of blinking {unknown}
 C - a scroll of immolation {unknown}
 F - 2 scrolls of enchant armour {unknown}
Potions
 g - a potion of ambrosia
 m - a potion of might
 o - 4 potions of curing {unknown}
 r - a potion of heal wounds {unknown}
 v - a potion of flight {unknown}
 x - a potion of magic {unknown}
 D - a potion of mutation {unknown}
 G - a potion of agility {unknown}
 K - a potion of haste {unknown}
Comestibles
 f - 5 bread rations
 h - a royal jelly
 s - a meat ration
 z - 3 fruits
 J - 3 chunks of flesh


   Skills:
 + Level 4.3 Fighting
 + Level 7.6 Axes
 + Level 1.9 Throwing
 + Level 3.1 Armour
 + Level 3.7 Dodging
 + Level 1.2 Stealth


You had 7 spell levels left.
You didn't know any spells.

Dungeon Overview and Level Annotations

Branches:
Dungeon (6/15)             Temple (1/1) D:5

Altars:
Dithmenos
Hepliaklqana
Kikubaaqudgha
Nemelex Xobeh
Okawaru
Uskayaw
The Shining One


Innate Abilities, Weirdness & Mutations

You are partially covered in molten scales. (AC +2)
You are partially covered in sharp spines.


Message History

You hit the orc wizard.
You kill the orc wizard!
Okawaru accepts your kill.
You closely miss the orc priest.
You feel less invigorated.
You feel less confused.
You feel sick. The orc priest closely misses you.
The orc warrior hits you from afar with a halberd!
* * * LOW HITPOINT WARNING * * *
Unknown command.
You hit the orc priest.
The orc priest is moderately wounded.
The orc priest hits you with a flail.
* * * LOW HITPOINT WARNING * * *
The orc warrior hits you but does no damage.
You slice the orc priest!!
You kill the orc priest!
Okawaru accepts your kill.
You feel sick.
The orc warrior hits you from afar with a halberd.
You die...

###
####...
.......
.......
##.......
##.....#
##)))o#
##..@)#
#.....#
##.(..##
##..####
##.(## ..
##.(## ..#
##.(##
...#
##.(##
....##...#


You could see an orc warrior.

Vanquished Creatures
  Edmund (D:5)
  2 ice beasts
  A necrophage (D:6)
  An ogre (D:6)
  A centaur (D:6)
  A scorpion (D:5)
  2 crimson imps (D:5)
  A bullfrog zombie (D:6)
  A hound (D:4)
  3 orc priests
  An orc wizard (D:6)
  3 bullfrog skeletons
  An iguana (D:4)
  3 worker ants
  A worker ant zombie (D:5)
  A howler monkey skeleton (D:3)
  10 adders
  3 oozes
  An adder skeleton (D:4)
  3 worms
  4 dart slugs
  6 leopard geckos
  28 orcs
  3 giant cockroaches
  5 goblins
  6 hobgoblins
  14 jackals
  7 kobolds
  2 quokkas
  6 bats
  7 frilled lizards
  A quokka zombie (D:6)
  6 rats
136 creatures vanquished.

Notes
Turn   | Place    | Note
-------+----------+-------------------------------------------
     0 | D:1      | slep the Demonspawn Gladiator began the quest for the Orb.
     0 | D:1      | Reached XP level 1. HP: 16/16 MP: 1/1
   288 | D:1      | Gained mutation: You are partially covered in sharp spines. [demonic ancestry]
   288 | D:1      | Reached XP level 2. HP: 21/22 MP: 2/2
   434 | D:1      | Reached skill level 3 in Axes
   674 | D:2      | Reached XP level 3. HP: 21/28 MP: 3/3
   841 | D:2      | Gained mutation: You are partially covered in molten scales. (AC +2) [demonic ancestry]
   841 | D:2      | Reached XP level 4. HP: 15/34 MP: 4/4
   845 | D:2      | Reached skill level 4 in Axes
  1540 | D:3      | Reached XP level 5. HP: 39/39 MP: 5/5
  1598 | D:3      | Reached skill level 1 in Armour
  1827 | D:4      | Found a sparkling altar of Nemelex Xobeh.
  1926 | D:4      | Reached skill level 5 in Axes
  2092 | D:4      | Reached XP level 6. HP: 21/46 MP: 6/6
  2518 | D:5      | Entered Level 5 of the Dungeon
  2518 | D:5      | Noticed an ice beast
  2529 | D:5      | Killed an ice beast
  2817 | D:5      | Found an ancient bone altar of Kikubaaqudgha.
  2863 | D:5      | Found a staircase to the Ecumenical Temple.
  2875 | Temple   | Entered the Ecumenical Temple
  2886 | Temple   | Became a worshipper of Warmaster Okawaru
  2906 | D:5      | Reached XP level 7. HP: 38/52 MP: 7/7
  2977 | D:5      | Reached skill level 6 in Axes
  3299 | D:5      | Noticed Edmund
  3315 | D:5      | Killed Edmund
  3315 | D:5      | Reached skill level 1 in Stealth
  3510 | D:6      | Reached * piety under Okawaru
  3617 | D:6      | Reached skill level 7 in Axes
  3617 | D:6      | Reached XP level 8. HP: 57/60 MP: 8/8
  3716 | D:6      | Reached ** piety under Okawaru
  3716 | D:6      | Slain by an orc warrior

Vault maps used:
D:1:      lemuel_arrival_room
D:2:      first_bread, grunt_decor_arrowhead, minmay_liquid_box
D:3:      grunt_decor_one_mirror
D:4:      nemelex_spade_bored_becter
D:5:      kennysheep_little_box, temple_fountains, uniq_edmund
Temple:   compressed_dpeg_circular_temple

Skill      XL: |  1  2  3  4  5  6  7 |
---------------+----------------------+-----
Dodging        | 3 |  3.7
Axes           | 3 4 5 7 |  7.6
Armour         | 1 2 3 |  3.1
Fighting       | 3 4 |  4.3
Stealth        | 1 |  1.2
Throwing       | |  1.9

Action                   |  1- 3 |  4- 6 |  7- 9 || total
-------------------------+-------+-------+-------++-------
Melee: War axe           |    70 |   149 |    80 ||   299
Throw: Throwing net      |       |       |     1 ||     1
  Use: Potion            |       |     1 |     2 ||     3
 Stab: Held in net/web   |       |       |     1 ||     1
  Eat: Chunk             |       |    15 |     7 ||    22
Armor: Leather armour    |    18 |     3 |       ||    21
       Scale mail        |       |    82 |    45 ||   127
Dodge: Dodged            |    49 |    88 |    47 ||   184

Table legend:
 A = Spawn XP
 B = Non-spawn XP
 C = Spawn XP percentage of total XP
 D = Spawn monster count
 E = Non-spawn monster count
 F = Spawn count percentage of total count
 G = Total turns spent on level
                    A         B        C        D         E        F      G
               +---------+---------+-------+---------+---------+-------+---------
         Total |       0 |    1875 |   0.0 |       0 |     136 |   0.0 |  3716
               +---------+---------+-------+---------+---------+-------+---------
           D:1 |       0 |      35 |   0.0 |       0 |      17 |   0.0 |   668
           D:2 |       0 |     116 |   0.0 |       0 |      26 |   0.0 |   568
           D:3 |       0 |     122 |   0.0 |       0 |      23 |   0.0 |   536
           D:4 |       0 |     180 |   0.0 |       0 |      20 |   0.0 |   746
           D:5 |       0 |     688 |   0.0 |       0 |      25 |   0.0 |   961
           D:6 |       0 |     734 |   0.0 |       0 |      25 |   0.0 |   212
               +---------+---------+-------+---------+---------+-------+---------
